[Event "6th Tulsi Lal Memorial NTCC 2080"]
[Site "Lalitpur"]
[Date "2024.01.09"]
[Round "3.1"]
[White "Jaiswal, Rupesh"]
[Black "Silwal, Purushottam"]
[Result "1/2-1/2"]
[ECO "B31"]
[WhiteElo "2009"]
[BlackElo "1831"]
[Annotator "TA"]
[PlyCount "179"]
[EventDate "2024.01.03"]
[EventType "team-tourn"]
[EventCountry "NEP"]
[SourceTitle "playchess.com"]
[Source "ChessBase"]
[SourceQuality "1"]
[TimeControl "5400+30"]

1. e4 c5 2. Nf3 Nc6 3. Bb5 g6 4. O-O Bg7 5. c3 Nf6 6. Re1 O-O 7. d4 d5 8. e5 Ne4 9. Bxc6 bxc6 10. Be3 {[%emt 0:00:00] B31: Sicilian: 2...Nc6 3 Bb5 g6.} cxd4 11. cxd4 Qb6 12. Qc1 Rb8 13. b3 Bd7 14. Nc3 {[%emt 0:00:00][%cal Bb1c3,Bc3a4,Ba4c5][%mdl 32] [#]} f5 $146 (14... Nxc3 $14 15. Qxc3 Rfc8) ({Predecessor:} 14... Nxc3 15. Qxc3 f6 16. e6 Be8 17. Bf4 Qb4 18. Qe3 Rb7 19. h4 a5 20. Rad1 Qa3 {1-0 Kairbekova,A (2212)-Benmesbah,N (2267) WchT (Women) Final rapid 2023 (2.3)}) 15. Na4 $16 Qb4 16. Rd1 Rbc8 17. Ne1 c5 18. Nd3 Qa5 (18... Qb8 $16 {keeps fighting.} 19. Naxc5 Bb5) 19. Naxc5 $18 Bb5 20. b4 Qb6 21. Qb2 Nxc5 22. bxc5 ({Don't do} 22. dxc5 Qc6 23. f4 Rb8) 22... Qa5 23. Nf4 Rb8 (23... Bc4 {was called for.} 24. Ne6 Rfe8) 24. Qd2 (24. Nxd5 $18 {and White stays clearly on top.} Qd8 25. Qb3) 24... Qxd2 $16 25. Bxd2 Bc4 26. a3 Kf7 27. Bb4 (27. Rdb1 $142) 27... Rfc8 28. Nd3 e6 29. Nb2 {[%emt 0:00:00] Black must now prevent Nxc4.} Bb5 30. Rdc1 Bh6 31. Rc2 Rb7 32. g3 Ke8 33. h4 Kd7 34. f4 Kc6 35. Kf2 Rg8 36. Rcc1 Bf8 37. Kf3 h6 38. Rh1 Rbg7 39. Rag1 h5 (39... Ba6 $14) 40. Ke3 Rb7 41. Rb1 Be7 42. Nd1 Bd8 43. Rh2 Bc7 44. Rhb2 Rgb8 45. Bd2 Bc4 46. Rxb7 Rxb7 47. Rb4 Rxb4 48. axb4 {[%emt 0:00:27][%mdl 4096] Endgame KBB-KBN} (48. Bxb4 $16 Bb5 49. Bc3) 48... a6 $14 49. Bc3 (49. Kf3 $14) 49... Bd8 $11 50. Kd2 Bb5 (50... Kb5 $11) 51. Kc1 (51. Ne3 $14) 51... Be7 52. Kb2 Bd8 53. Ne3 Be7 54. Be1 Bd8 55. Nd1 Be7 56. Nc3 Bd8 (56... Bd3 $11) 57. Ka3 (57. Nxb5 $16 Kxb5 58. Kb3) 57... Bc7 (57... Bd3 $11 {keeps the balance.}) 58. Nb1 (58. Nxb5 $16 Kxb5 59. Kb3) 58... Bd8 59. Kb2 Be7 60. Kc1 Bd8 61. Kd2 Be7 62. Ke3 Bd8 ({Black should play} 62... Bf1 $11) 63. Nc3 (63. Nd2 $1 $14) 63... Be7 (63... Bf1 $11 {remains equal.}) 64. Kd2 (64. Nxb5 $16 {Strongly threatening Nd6.} Kxb5 65. Kd3) 64... Bd8 (64... Bf1 $11) 65. Kc2 (65. Nxb5 $16 {Nd6 is the strong threat.} axb5 66. Kd3) 65... Be7 (65... Bf1 $11) 66. Kb3 (66. Nxb5 $16 Kxb5 67. Kc3) 66... Bd8 (66... Bf1 $11) 67. Nb1 (67. Nxb5 $16 Kxb5 68. Bd2) 67... Bc7 68. Nd2 Bd8 (68... Be2 $11) 69. Bf2 ({Better is} 69. Nf3 $1 $14) 69... Be7 (69... Be2 $1 $11) 70. Nf3 $1 $14 Be2 71. Ne1 ({White should try} 71. Ng5 $1 $14) 71... Bc4+ 72. Ka4 Bb5+ 73. Ka3 Bd8 (73... Be2 $1 $11) 74. Kb2 (74. Nf3 $1 $14) 74... Be7 (74... Be2 $1 $11) 75. Nc2 (75. Nf3 $1 $14) 75... Bd8 {[%emt 0:00:07] The position is equal.} 76. Na1 Bc4 77. Be1 Bc7 78. Nc2 Bb5 79. Na1 Bc4 80. Ka3 Bd8 81. Bc3 Bc7 82. Kb2 Bd8 83. Nc2 Bb5 84. Be1 Be7 85. Na1 Bd8 86. Nb3 Bc4 87. Nc1 Kb5 88. Ka3 Bc7 89. Bd2 Bd8 90. Bc3 {[%emt 0:01:42] White really could win this.   Weighted Error Value: White=0.19 (very precise) /Black=0.21 (precise)} 1/2-1/2

[Event "6th Tulsi Lal Memorial NTCC 2080"]
[Site "Lalitpur"]
[Date "2024.01.09"]
[Round "3.2"]
[White "Kachhepati, Rajesh"]
[Black "Dahal, Sushrut"]
[Result "1/2-1/2"]
[ECO "B22"]
[WhiteElo "1747"]
[BlackElo "1895"]
[Annotator "NA RC COMBH"]
[PlyCount "184"]
[EventDate "2024.01.03"]
[EventType "team-tourn"]
[EventCountry "NEP"]
[SourceTitle "playchess.com"]
[Source "ChessBase"]
[SourceQuality "1"]
[TimeControl "5400+30"]

1. e4 c5 2. Nf3 e6 3. c3 d5 4. exd5 Qxd5 5. Bb5+ Bd7 6. Bxd7+ Nxd7 7. d4 Ngf6 8. O-O Bd6 9. Be3 Ng4 10. Nbd2 O-O 11. h3 Nxe3 12. fxe3 f5 13. Qb3 Nb6 14. a4 Qxb3 15. Nxb3 Nc4 16. Rf2 Nxe3 17. Nxc5 Bxc5 18. dxc5 Rac8 19. Re2 f4 20. b4 Rfd8 21. Rc1 Rd3 22. Ne1 Rd7 23. Nc2 Nd5 24. c4 Nc3 25. Rxe6 Nxa4 26. Ra1 Nb2 27. Rxa7 Nxc4 28. Re4 Nb2 29. Rxf4 h6 30. Ne3 Rcc7 31. Re4 Rd3 32. Nc4 Rd1+ 33. Kh2 Nxc4 34. Rxc4 Rb1 35. h4 h5 36. Rf4 Rb3 37. Ra8+ Kh7 38. Ra7 Kg8 39. Ra2 Kh7 40. Re2 Rc6 41. Re5 Kh6 42. Rg5 b6 43. Rc4 bxc5 44. bxc5 g6 45. Rd5 Kg7 46. Rc2 Kf7 47. g3 Ke6 48. Rg5 Kd7 49. Kg2 Kc7 50. Rf2 Re6 51. Ra2 Rb5 52. Ra7+ Kb8 53. Rf7 Rb2+ 54. Rf2 Rb5 55. Rc2 Kc7 56. Kf2 Kc6 57. Rc3 Rb2+ 58. Kf3 Rb1 59. Rd3 Rf1+ 60. Kg2 Rff6 61. Rd2 Rf7 62. Rb2 Kc7 63. Ra2 Kb7 64. Rd5 Kc6 65. Rg5 Kb7 66. Rf2 Rd7 67. Rb2+ Kc7 68. Kf1 Rd1+ 69. Kf2 Rd7 70. Ra2 Kb7 71. Kf3 Rd3+ 72. Kg2 Rd7 73. Rc2 Kc6 74. Kh3 Rf7 75. Rb2 Kc7 76. Kg2 Rd7 77. Rf2 Kc6 78. Rb2 Kc7 79. g4 hxg4 80. Rxg4 Rd5 81. Rb6 Rxb6 82. cxb6+ Kxb6 83. Rxg6+ Kc7 84. Re6 Kd7 85. Re4 Rd6 86. Kg3 Re6 87. Rf4 Ke7 88. Kg4 Rf6 89. Ra4 Kf7 90. h5 Kg7 91. Kg5 Rf7 92. Ra6 Rb7 1/2-1/2

[Event "6th Tulsi Lal Memorial NTCC 2080"]
[Site "Lalitpur"]
[Date "2024.01.09"]
[Round "3.3"]
[White "Shrestha, Muhan Narshing"]
[Black "Duwal, Swornim"]
[Result "1/2-1/2"]
[ECO "E18"]
[WhiteElo "1693"]
[BlackElo "1390"]
[Annotator "NA RC COMBH"]
[PlyCount "126"]
[EventDate "2024.01.03"]
[EventType "team-tourn"]
[EventCountry "NEP"]
[SourceTitle "playchess.com"]
[Source "ChessBase"]
[SourceQuality "1"]
[TimeControl "5400+30"]

1. d4 d5 2. c4 e6 3. Nf3 Nf6 4. g3 Be7 5. Bg2 O-O 6. O-O b6 7. Nc3 Bb7 8. Ne5 Nbd7 9. Qa4 c5 10. Nxd7 Qxd7 11. Qxd7 Nxd7 12. dxc5 Bxc5 13. cxd5 exd5 14. Nxd5 Bxd5 15. Bxd5 Rad8 16. Bg5 Nf6 17. Bf3 Bd4 18. Rab1 h6 19. Bxf6 Bxf6 20. b3 Rd2 21. a4 Rc8 22. Rfd1 Rcc2 23. Kg2 a5 24. h4 Bd4 25. Be4 Rb2 26. Rxb2 Rxd1 27. Rc2 Bc5 28. Bd3 g6 29. h5 g5 30. Rc4 Rd2 31. Re4 Kg7 32. Re8 Rb2 33. Bc4 Rd2 34. Re5 Rd6 35. f4 gxf4 36. gxf4 Rd1 37. e3 Rd6 38. Kf3 Rd7 39. Re8 Re7 40. Rxe7 Bxe7 41. e4 Bc5 42. e5 Kf8 43. f5 f6 44. exf6 Bd4 45. f7 Bf6 46. Ke4 Bg5 47. Be6 Bd2 48. Kd5 Be3 49. Kc6 Bd4 50. Kb5 Be3 51. b4 axb4 52. Kxb4 Bd4 53. Kb5 Be3 54. f6 Bd4 55. Kc6 Be3 56. Bc4 Bd4 57. Kb5 Be3 58. Ba2 Bd4 59. Kc4 Be3 60. Kd5 Bd2 61. Bb3 Be3 62. Kd6 Bd4 63. Kc6 Be3 1/2-1/2

[Event "6th Tulsi Lal Memorial NTCC 2080"]
[Site "Lalitpur"]
[Date "2024.01.09"]
[Round "3.4"]
[White "Shah, Abheek"]
[Black "Lohani, Sujana"]
[Result "0-1"]
[ECO "B06"]
[WhiteElo "1543"]
[BlackElo "1756"]
[Annotator "NA RC COMBH"]
[PlyCount "52"]
[EventDate "2024.01.03"]
[EventType "team-tourn"]
[EventCountry "NEP"]
[SourceTitle "playchess.com"]
[Source "ChessBase"]
[SourceQuality "1"]
[TimeControl "5400+30"]

1. e4 g6 2. d4 Bg7 3. f4 d6 4. Nf3 c5 5. dxc5 Qa5+ 6. Bd2 Qxc5 7. Bc3 Nf6 8. Bd3 Qe3+ 9. Qe2 Qc1+ 10. Qd1 Qxf4 11. O-O O-O 12. Qe1 Qg4 13. e5 dxe5 14. Nxe5 Qe6 15. Kh1 Nc6 16. Bc4 Qd6 17. Nxc6 Qxc6 18. Qxe7 Qxc4 19. Na3 Qc6 20. Rxf6 Bxf6 21. Bxf6 Re8 22. Qb4 Qxf6 23. Qb5 Qc6 24. Qf1 b6 25. Rd1 Bb7 26. Nc4 Rad8 0-1

[Event "6th Tulsi Lal Memorial NTCC 2080"]
[Site "Lalitpur"]
[Date "2024.01.09"]
[Round "3.5"]
[White "Subedi, Rajan"]
[Black "Lama, Milan"]
[Result "1-0"]
[ECO "B34"]
[WhiteElo "1809"]
[BlackElo "2010"]
[Annotator "TA"]
[PlyCount "94"]
[EventDate "2024.01.03"]
[EventType "team-tourn"]
[EventCountry "NEP"]
[SourceTitle "playchess.com"]
[Source "ChessBase"]
[SourceQuality "1"]
[TimeControl "5400+30"]

1. e4 c5 2. Nf3 Nc6 3. d4 cxd4 4. Nxd4 g6 5. g3 Bg7 6. Be3 Nf6 7. Bg2 O-O {[%emt 0:01:03] B34: Sicilian: Accelerated Dragon with 5 Nc3: sidelines.} 8. O-O (8. Nc3 $5) 8... Ng4 {[%emt 0:12:02][%mdl 64] [#] Deflection} 9. Qxg4 {[%emt 0:00:30] c3 is the strong threat.} Nxd4 {[%emt 0:00:28] White has an edge.} 10. Qd1 Nc6 {[%emt 0:04:33] [#]} (10... Ne6 $5 ) 11. c3 $146 ({Predecessor:} 11. Nc3 d6 12. Kh1 h5 13. f4 Bg4 14. Qd3 Nb4 15. Qd2 Rc8 16. a3 Nc6 17. Nd5 {½-½ Schut,L (2259)-Komiagina,M (2241) Titled Tuesday intern op 20th Apr blitz 2021 (6)}) 11... d6 12. h3 Qc7 13. Na3 Ne5 14. Qe2 Be6 15. Rfd1 a6 16. f4 Nc4 17. Nxc4 Bxc4 18. Qf2 f5 19. Bb6 Qb8 20. exf5 Rxf5 21. Qe3 (21. b3 $16 Bb5 22. Bd5+ Rxd5 23. Rxd5) 21... e5 $1 $14 22. fxe5 Rxe5 23. Qf4 $36 {[%emt 0:04:51][%mdl 2048] White is more active.} Be6 24. Bd4 {[%emt 0:00:54] White has more active pieces.} Rf5 {[%emt 0:02:03] Black is on the road to losing.} 25. Qe3 Be5 26. g4 Rf7 27. Bxe5 dxe5 28. Re1 Kg7 (28... Rd7 $142) 29. Qxe5+ $16 Qxe5 30. Rxe5 Kf6 31. Re3 Bc4 {[%emt 0:01:45] [#] Wards off Rf1+} (31... Re7 {was called for.} 32. Rf1+ Kg7) 32. b3 $18 Bb5 33. Rf3+ Kg7 34. Rxf7+ Kxf7 35. Bxb7 {[%emt 0:00:10][%mdl 4096] Endgame KRB-KRB} Rb8 36. Bd5+ Kf6 37. c4 Bd7 (37... Be8 $142 38. Re1 Kg5) 38. Rf1+ {[%emt 0:00:19] White is clearly winning.} Ke5 39. Rf7 Kd6 40. Rxh7 a5 41. Rg7 a4 42. Rxg6+ Ke5 43. Rg7 Bc8 44. Re7+ Kf4 45. Re4+ Kg3 46. Re3+ (46. bxa4 $2 {leads to mate.} Rb1+) 46... Kh4 47. Kh2 Ra8 {[%emt 0:01:04] Weighted Error Value: White=0.04 (flawless) /Black=0.29 (precise)} 1-0

[Event "6th Tulsi Lal Memorial NTCC 2080"]
[Site "Lalitpur"]
[Date "2024.01.09"]
[Round "3.6"]
[White "Thapa, Rishon"]
[Black "Belbase, Kushal"]
[Result "1-0"]
[ECO "B13"]
[WhiteElo "1738"]
[BlackElo "1520"]
[Annotator "NA RC COMBH"]
[PlyCount "65"]
[EventDate "2024.01.03"]
[EventType "team-tourn"]
[EventCountry "NEP"]
[SourceTitle "playchess.com"]
[Source "ChessBase"]
[SourceQuality "1"]
[TimeControl "5400+30"]

1. e4 c6 2. d4 d5 3. exd5 cxd5 4. Bd3 Nf6 5. h3 Nc6 6. Nf3 g6 7. c3 Qc7 8. O-O Bg7 9. Re1 Bf5 10. Bxf5 gxf5 11. Nh4 O-O-O 12. Nxf5 Bf8 13. Qf3 Ne4 14. c4 e6 15. cxd5 Rxd5 16. Qxe4 Rxf5 17. Be3 Bd6 18. Nc3 Kb8 19. d5 Re5 20. Qa4 Rxd5 21. Nxd5 exd5 22. Red1 f5 23. Rac1 a6 24. Rxd5 Bh2+ 25. Kh1 f4 26. Bd4 Re8 27. Kxh2 f3+ 28. g3 Re2 29. Be3 Qf7 30. Qf4+ Qxf4 31. gxf4 Rxb2 32. f5 Rxa2 33. f6 1-0

[Event "6th Tulsi Lal Memorial NTCC 2080"]
[Site "Lalitpur"]
[Date "2024.01.09"]
[Round "3.7"]
[White "Shrestha, Riya"]
[Black "Demanraura, Ayush"]
[Result "0-1"]
[ECO "B25"]
[WhiteElo "1256"]
[BlackElo "1410"]
[Annotator "NA RC COMBH"]
[PlyCount "76"]
[EventDate "2024.01.03"]
[EventType "team-tourn"]
[EventCountry "NEP"]
[SourceTitle "playchess.com"]
[Source "ChessBase"]
[SourceQuality "1"]
[TimeControl "5400+30"]

1. e4 c5 2. Nc3 d6 3. g3 Nf6 4. Bg2 g6 5. Nge2 Bg7 6. O-O O-O 7. h3 Nc6 8. d3 Bd7 9. Be3 a6 10. Qd2 e6 11. Kh2 Qe7 12. Bh6 Rad8 13. Bxg7 Kxg7 14. Rfe1 e5 15. f4 h5 16. fxe5 Nxe5 17. Rf1 h4 18. g4 Rh8 19. Nf4 Bc6 20. Rf2 Nfxg4+ 21. hxg4 Nxg4+ 22. Kg1 Nxf2 23. Qxf2 Qg5 24. Nh3 Qe5 25. Rf1 Rd7 26. Qf4 f6 27. Qg4 Re7 28. Nf4 Qg5 29. Qxg5 fxg5 30. Nh3 g4 31. Nf4 h3 32. Bh1 g3 33. Bf3 g2 34. Re1 Rh4 35. Nfe2 Rf7 36. Kf2 g5 37. Kg3 h2 38. Kxg2 Rxf3 0-1

[Event "6th Tulsi Lal Memorial NTCC 2080"]
[Site "Lalitpur"]
[Date "2024.01.10"]
[Round "4.1"]
[White "Subedi, Rajan"]
[Black "Jaiswal, Rupesh"]
[Result "0-1"]
[ECO "B90"]
[WhiteElo "1809"]
[BlackElo "2009"]
[Annotator "RC"]
[PlyCount "113"]
[EventDate "2024.01.03"]
[EventType "team-tourn"]
[EventCountry "NEP"]
[SourceTitle "playchess.com"]
[Source "ChessBase"]
[SourceQuality "1"]
[TimeControl "5400+30"]

1. e4 c5 2. Nf3 d6 3. d4 cxd4 4. Nxd4 Nf6 5. Nc3 a6 6. a4 Nc6 7. Be2 g6 8. Be3 Bd7 9. f3 Bg7 10. Qd2 Rc8 11. Nxc6 Bxc6 12. Bh6 Bxh6 13. Qxh6 Qa5 14. Qd2 O-O 15. Nd1 Qxd2+ 16. Kxd2 d5 17. exd5 Nxd5 18. Ne3 Rfd8 19. Rhd1 Bxa4 20. Bd3 Nxe3 21. Kxe3 Bc6 22. b4 Rd6 23. c4 Rcd8 24. Be2 Rxd1 25. Bxd1 e5 26. Be2 f5 27. g3 Kf7 28. h4 Rd4 29. Ra5 Ke6 30. Rxe5+ Kxe5 31. f4+ Rxf4 32. gxf4+ Kf6 33. Bf1 Be4 34. c5 Bc6 35. Bc4 h6 36. Bb3 g5 37. hxg5+ hxg5 38. Bc4 Kg6 39. Be2 Be4 40. Bd1 Kf6 41. Bb3 g4 42. Kf2 Ke7 43. Bc4 Kd7 44. Kg3 Kc6 45. Kf2 Bb1 46. Kg3 Bc2 47. Kf2 Be4 48. Kg3 Bd5 49. Bd3 Be6 50. Bf1 Bc8 51. Bc4 a5 52. bxa5 Kxc5 53. Bf1 Kb4 54. Kf2 Kxa5 55. Ke3 Bd7 56. Bd3 Kb4 57. Kd4 0-1

[Event "6th Tulsi Lal Memorial NTCC 2080"]
[Site "Lalitpur"]
[Date "2024.01.10"]
[Round "4.2"]
[White "Dahal, Sushrut"]
[Black "Maharjan, Suroj"]
[Result "1-0"]
[ECO "C41"]
[WhiteElo "1895"]
[BlackElo "1832"]
[Annotator "NA RC COMBH"]
[PlyCount "79"]
[EventDate "2024.01.03"]
[EventType "team-tourn"]
[EventCountry "NEP"]
[SourceTitle "playchess.com"]
[Source "ChessBase"]
[SourceQuality "1"]
[TimeControl "5400+30"]

1. Nf3 d6 2. e4 e5 3. Bc4 Be7 4. d4 Nd7 5. dxe5 Nxe5 6. Nxe5 dxe5 7. Qh5 g6 8. Qf3 Nf6 9. h3 Qd4 10. Nd2 O-O 11. O-O Bd7 12. c3 Qb6 13. Re1 Be6 14. Qe2 Nh5 15. Nb3 Ng3 16. Qd3 Nh5 17. Be3 c5 18. Bxe6 fxe6 19. Qc4 Rac8 20. Rad1 Rc7 21. Rd2 Qc6 22. Na5 Qb6 23. Nb3 Nf4 24. Red1 Qc6 25. a4 a6 26. a5 g5 27. Nc1 h5 28. Bxf4 exf4 29. f3 Kf7 30. Nd3 Kf6 {[%emt 0:00:13] [#]} 31. h4 $1 gxh4 32. Nxf4 Re8 33. e5+ Kf7 34. Qd3 Rg8 35. Qh7+ Rg7 36. Qxh5+ Kf8 37. Nxe6+ Qxe6 {[%emt 0:05:14] [#]} 38. Rd8+ $15 Bxd8 39. Rxd8+ Ke7 40. Qe8# 1-0

[Event "6th Tulsi Lal Memorial NTCC 2080"]
[Site "Lalitpur"]
[Date "2024.01.10"]
[Round "4.3"]
[White "Thapa, Rishon"]
[Black "Shrestha, Muhan Narshing"]
[Result "1/2-1/2"]
[ECO "E05"]
[WhiteElo "1738"]
[BlackElo "1693"]
[Annotator "NA RC COMBH"]
[PlyCount "73"]
[EventDate "2024.01.03"]
[EventType "team-tourn"]
[EventCountry "NEP"]
[SourceTitle "playchess.com"]
[Source "ChessBase"]
[SourceQuality "1"]
[TimeControl "5400+30"]

1. d4 d5 2. c4 e6 3. Nf3 Nf6 4. g3 Be7 5. Bg2 O-O 6. O-O dxc4 7. Qc2 b5 8. a4 c6 9. axb5 cxb5 10. Ng5 h6 11. Bxa8 hxg5 12. Rxa7 Bd7 13. Bxg5 Nc6 14. Bxc6 Bxc6 15. Bxf6 Bxf6 16. e3 Qd5 17. f3 b4 18. Rf2 e5 19. dxe5 Qxe5 20. Qxc4 Qxe3 21. Rc7 Bd4 22. Qxd4 Qxd4 23. Rxc6 Re8 24. Kg2 Qd1 25. Nd2 Re2 26. Rd6 Rxf2+ 27. Kxf2 Qc2 28. Rd8+ Kh7 29. b3 Qc7 30. Rd3 Qc1 31. h4 Qc5+ 32. Re3 f5 33. f4 Qc1 34. Nc4 Qc2+ 35. Kf3 Qd1+ 36. Kf2 Qc2+ 37. Kf3 1/2-1/2

[Event "6th Tulsi Lal Memorial NTCC 2080"]
[Site "Lalitpur"]
[Date "2024.01.10"]
[Round "4.4"]
[White "Lohani, Sujana"]
[Black "Demanraura, Ayush"]
[Result "1-0"]
[ECO "E67"]
[WhiteElo "1756"]
[BlackElo "1410"]
[Annotator "NA RC COMBH"]
[PlyCount "70"]
[EventDate "2024.01.03"]
[EventType "team-tourn"]
[EventCountry "NEP"]
[SourceTitle "playchess.com"]
[Source "ChessBase"]
[SourceQuality "1"]
[TimeControl "5400+30"]

1. d4 Nf6 2. Nf3 g6 3. g3 Bg7 4. Bg2 O-O 5. O-O d6 6. c4 Nbd7 7. Nc3 e5 8. e3 c6 9. b3 Re8 10. Qc2 Qc7 11. Ba3 b6 12. Rac1 Bb7 13. Rfd1 exd4 14. Nxd4 a6 15. Nf3 c5 16. Qd2 Ne5 17. Nxe5 dxe5 18. Qd6 Rac8 19. Na4 Bxg2 20. Qxc7 Rxc7 21. Kxg2 Re6 22. Rd8+ Bf8 23. Ra8 Rd7 24. Rc2 Kg7 25. Rxa6 Rb7 26. Bb2 Nd7 27. Rd2 Rd6 28. Rxd6 Bxd6 29. Nc3 Nf6 30. Nb5 Bb8 31. Ra8 Nd7 32. f4 f6 33. Kf3 Kf7 34. a4 Ke6 35. e4 f5 1-0

[Event "6th Tulsi Lal Memorial NTCC 2080"]
[Site "Lalitpur"]
[Date "2024.01.10"]
[Round "4.5"]
[White "Bhandari, Kshitiz"]
[Black "Lama, Milan"]
[Result "1-0"]
[ECO "A35"]
[WhiteElo "2061"]
[BlackElo "2010"]
[Annotator "RC"]
[PlyCount "79"]
[EventDate "2024.01.03"]
[EventType "team-tourn"]
[EventCountry "NEP"]
[SourceTitle "playchess.com"]
[Source "ChessBase"]
[SourceQuality "1"]
[TimeControl "5400+30"]

1. c4 c5 2. Nc3 Nc6 3. Nf3 g6 4. e3 Nf6 5. d4 cxd4 6. exd4 d5 7. cxd5 Nxd5 8. Bc4 Nb6 9. Be2 Bg7 10. Be3 O-O 11. h3 Nd5 12. Bg5 h6 13. Bc1 Qa5 14. O-O Nxc3 15. bxc3 Qxc3 16. Be3 Rd8 17. Rc1 Qa5 18. Bc4 Qh5 19. Qb3 Na5 20. Bxf7+ Kf8 21. Qa3 Bxh3 22. gxh3 Qxh3 23. Bf4 Qg4+ 24. Bg3 Kxf7 25. Nh2 Qh3 26. Qxa5 Bxd4 27. Qa3 Rd7 28. Rce1 Rc8 29. Qf3+ Kg8 30. Qb3+ Kf8 31. Re4 Bf6 32. Ng4 Kg7 33. Rfe1 Rc3 34. Rxe7+ Rxe7 35. Rxe7+ Bxe7 36. Qxc3+ Kh7 37. Qf3 Kg8 38. Qd5+ Kf8 39. Qe6 h5 40. Qc8+ 1-0

[Event "6th Tulsi Lal Memorial NTCC 2080"]
[Site "Lalitpur"]
[Date "2024.01.10"]
[Round "4.6"]
[White "Paudel, Yubraj"]
[Black "Chaudhary, Sushil"]
[Result "0-1"]
[ECO "E73"]
[WhiteElo "1872"]
[BlackElo "1769"]
[Annotator "NA RC COMBH"]
[PlyCount "86"]
[EventDate "2024.01.03"]
[EventType "team-tourn"]
[EventCountry "NEP"]
[SourceTitle "playchess.com"]
[Source "ChessBase"]
[SourceQuality "1"]
[TimeControl "5400+30"]

1. d4 Nf6 2. c4 g6 3. Nc3 Bg7 4. e4 d6 5. Be2 O-O 6. Be3 Nc6 {[%emt 0:03:56] 6...Na6 is the modern continuation.} 7. d5 Nb8 8. g4 c5 {[%emt 0:04:57] [#]} 9. g5 $146 ({Predecessor:} 9. h4 Qa5 10. Bd2 Bd7 11. h5 Na6 12. f4 Qd8 13. f5 Nc7 14. Qc1 e6 15. hxg6 fxg6 {1-0 Tokarz,I (1931)-Kawa,A (1622) Wch U16 Girls 2023 (1)}) 9... Ne8 10. h4 e6 11. Nh3 e5 12. h5 a6 13. a4 a5 14. f3 Na6 15. Nf2 f5 16. gxf6 Nxf6 17. h6 Bh8 18. Bg5 Nb4 19. Kd2 Bd7 20. Qg1 Rf7 21. Bf1 Qb6 22. Nb5 Raf8 23. Ra3 Ne8 24. Bh3 Bxh3 25. Rxh3 Bf6 26. Rg3 Qd8 27. Nh3 Kh8 28. Bxf6+ Nxf6 29. Ng5 Re7 30. Ne6 Rxe6 31. dxe6 Nh5 32. Nc3 Nf4 33. Nd5 Nxe6 34. Rg4 Nd4 35. f4 Nxd5 36. exd5 $19 exf4 37. Rd3 Qf6 38. Qe1 f3 39. Qf2 Re8 40. Re3 Rf8 41. Rge4 Qg5 42. Kc3 Qxh6 43. Rh4 Qg7 0-1

[Event "6th Tulsi Lal Memorial NTCC 2080"]
[Site "Lalitpur"]
[Date "2024.01.10"]
[Round "4.7"]
[White "Subba, Shem"]
[Black "Belbase, Kushal"]
[Result "1-0"]
[ECO "D73"]
[WhiteElo "1658"]
[BlackElo "1520"]
[Annotator "NA RC COMBH"]
[PlyCount "81"]
[EventDate "2024.01.03"]
[EventType "team-tourn"]
[EventCountry "NEP"]
[SourceTitle "playchess.com"]
[Source "ChessBase"]
[SourceQuality "1"]
[TimeControl "5400+30"]

1. d4 Nf6 2. Nf3 c6 3. c4 d5 4. Nc3 g6 5. g3 Bg7 6. Bg2 O-O 7. b3 Qa5 8. Bd2 Qd8 9. O-O Ne4 10. e3 Nxd2 11. Qxd2 Na6 12. cxd5 cxd5 13. Rfc1 Nb4 14. Ne1 e6 15. a3 Nc6 16. b4 h5 17. h4 Ne7 18. Nd3 Nf5 19. Bh3 Nd6 20. Qe2 b6 21. a4 Bb7 22. a5 Ba6 23. Qd2 bxa5 24. Nc5 axb4 25. Nxd5 exd5 26. Nxa6 b3 27. Qc3 Ne4 28. Qxb3 g5 29. Bf5 gxh4 30. Nc7 hxg3 31. Bxe4 dxe4 32. Nxa8 Qh4 33. fxg3 Qxg3+ 34. Kf1 Qf3+ 35. Kg1 Bxd4 36. Ra3 Bf6 37. Ra2 Kh8 38. Rg2 Bh4 39. Rf1 Qh3 40. Rxf7 Rxf7 41. Qb8+ 1-0

[Event "6th Tulsi Lal Memorial NTCC 2080"]
[Site "Lalitpur"]
[Date "2024.01.10"]
[Round "4.8"]
[White "Shrestha, Riya"]
[Black "Shah, Anup Jung"]
[Result "1/2-1/2"]
[ECO "B25"]
[WhiteElo "1256"]
[BlackElo "1513"]
[Annotator "NA RC COMBH"]
[PlyCount "89"]
[EventDate "2024.01.03"]
[EventType "team-tourn"]
[EventCountry "NEP"]
[SourceTitle "playchess.com"]
[Source "ChessBase"]
[SourceQuality "1"]
[TimeControl "5400+30"]

1. e4 c5 2. Nc3 d6 3. g3 g6 4. Bg2 Bg7 5. Nge2 Nc6 6. O-O Nf6 7. h3 Bd7 8. d3 Qc8 9. Kh2 h5 10. Nf4 h4 11. g4 Nxg4+ 12. hxg4 Bxg4 13. f3 Bd7 14. Rh1 g5 15. Nfd5 Bxc3 16. bxc3 g4 17. fxg4 Bxg4 18. Bf3 Ne5 19. Bxg4 Nxg4+ 20. Kg1 Nf6 21. Nxf6+ exf6 22. Qf3 Ke7 23. Kf2 Qg8 24. Bf4 b6 25. Rag1 Qe8 26. Rg4 Qa4 27. Qe2 Qxa2 28. Rhxh4 a5 29. c4 a4 30. Rxh8 Rxh8 31. Rg1 Qb2 32. Qd2 Qd4+ 33. Be3 Rh2+ 34. Rg2 Rxg2+ 35. Kxg2 Qa1 36. Qc1 Qa2 37. Bd2 a3 38. Bc3 Ke6 39. Kf3 f5 40. exf5+ Kxf5 41. Qf4+ Ke6 42. Qf6+ Kd7 43. Qxf7+ Kc6 44. Qd5+ Kc7 45. Qf7+ 1/2-1/2

[Event "6th Tulsi Lal Memorial NTCC 2080"]
[Site "Lalitpur"]
[Date "2024.01.10"]
[Round "5.1"]
[White "Jaiswal, Rupesh"]
[Black "Bhandari, Kshitiz"]
[Result "1/2-1/2"]
[ECO "A48"]
[WhiteElo "2009"]
[BlackElo "2061"]
[Annotator "RC"]
[PlyCount "144"]
[EventDate "2024.01.03"]
[EventType "team-tourn"]
[EventCountry "NEP"]
[SourceTitle "playchess.com"]
[Source "ChessBase"]
[SourceQuality "1"]
[TimeControl "5400+30"]

1. d4 Nf6 2. Bf4 d6 3. e3 g6 4. Nf3 Bg7 5. h3 O-O 6. Be2 c5 7. c3 cxd4 8. exd4 Nc6 9. O-O Nd5 10. Bh2 e5 11. dxe5 dxe5 12. Bc4 Nb6 13. Bb3 Bf5 14. Qxd8 Raxd8 15. Na3 e4 16. Ne1 Na5 17. Nec2 Nxb3 18. axb3 Be6 19. b4 Na4 20. Rfb1 a6 21. Bf4 f5 22. g3 Bf6 23. h4 Rd3 24. Ne1 Rd7 25. Be3 Nxb2 26. Rxb2 Bxc3 27. Rbb1 Bxa1 28. Rxa1 Rfd8 29. Kf1 Rd1 30. Rxd1 Rxd1 31. Ke2 Bb3 32. Nac2 Rd5 33. Nd4 Bc4+ 34. Kd2 a5 35. Kc3 Bf1 36. bxa5 Rxa5 37. Nec2 Rc5+ 38. Kb4 Rc4+ 39. Kb3 Kf7 40. Na3 Rc8 41. Kb4 b6 42. Nb3 Rc6 43. Nd2 Be2 44. Nac4 Bxc4 45. Nxc4 Ke6 46. Nxb6 f4 47. gxf4 Kf5 48. Nc4 Ra6 49. Kc5 Ra4 50. Ne5 Ra1 51. Nf7 Kg4 52. Kd5 Kxh4 53. Kxe4 Ra5 54. Kf3 Rb5 55. Ng5 Rb7 56. Ne4 Rf7 57. Bd4 h6 58. Bf6+ Kh3 59. Bg5 Rh7 60. Bf6 Rd7 61. Bc3 Rd8 62. Bd2 Rd3+ 63. Be3 Rd5 64. Nf6 Rd8 65. Ng4 h5 66. Ne5 Rd6 67. Nf7 Ra6 68. Ng5+ Kh2 69. Ne4 Ra5 70. Ng5 Ra6 71. f5 gxf5 72. Bf4+ Kg1 1/2-1/2